 Dungeon Sprint DCSS version 0.23.0-42-geed6394480 (webtiles) character file.

Game seed: 13931841728364213079

1488 Lukash93rus the Unseen (level 8, -23/44 HPs)
             Began as a Vine Stalker Assassin on Feb 28, 2019.
             Shot with an arrow by a centaur warrior (31 damage)
             ... in the Dungeon (Sprint I: "Red Sonja").
             The game lasted 00:08:52 (278 turns).

Lukash93rus the Unseen (Vine Stalker Assassin)       Turns: 278, Time: 00:08:53

Health: -23/44     AC:  3    Str: 16    XL:     8   Next: 80%
Magic:  0/9        EV: 12    Int: 11    God:
Gold:   669        SH:  0    Dex: 16    Spells: 7/7 levels left

rFire    . . .     SeeInvis .   a - +2 dagger
rCold    . . .     Gourm    .   (no shield)
rNeg     . . .     Faith    .   c - +0 robe
rPois    .         Spirit   +   (no helmet)
rElec    .         Reflect  .   d - +0 cloak
rCorr    .         Harm     .   (no gloves)
MR       +....     NoTele   +   (no boots)
Stlth    ++++......             (no amulet)
HPRegen  0.54/turn              (no ring)
MPRegen  0.11/turn              (no ring)

@: very slow
A: fangs 3, regeneration 1, magic shield, antimagic bite, no potion heal 3, rot
immunity
a: no special abilities


You were in the Dungeon.
You were not hungry.

You visited 1 branch You collected 669 gold pieces.

Inventory:

Hand Weapons
 a - a +2 dagger (weapon)
 b - a +0 blowgun
 n - a +0 dagger
 p - a +0 giant club
 q - a +0 scythe
 u - a +0 blowgun
 v - a +1 dagger of distortion
Missiles
 e - 8 poisoned needles
 f - 9 curare-tipped needles
Armour
 c - a +0 robe (worn)
 d - a +0 cloak (worn)
 o - a +0 ring mail
 r - a +0 robe
 w - a +0 leather armour
Wands
 t - a wand of disintegration (16)
Scrolls
 m - a scroll of blinking
 s - a scroll of identify {unknown}
Potions
 h - 4 potions of curing
 i - 2 potions of heal wounds
 j - a potion of haste
 k - 2 potions of magic
 l - a potion of berserk rage
Comestibles
 g - a ration


   Skills:
 + Level 5.4 Fighting
 + Level 6.0 Short Blades
 + Level 4.4 Throwing
 + Level 1.5 Dodging
 + Level 19.7 Stealth


You had 7 spell levels left.
You didn't know any spells.
Your spell library was empty.

Dungeon Overview and Level Annotations

Branches:
Dungeon (1/1)

Altars:
Cheibriados
Dithmenos
Elyvilon
Fedhas
Gozag
Hepliaklqana
Kikubaaqudgha
Nemelex Xobeh
Okawaru
Qazlal
Ru
Sif Muna
Trog
Uskayaw
Vehumet
Wu Jian
Yredelemnul
Zin
The Shining One

Shops:
D }


Innate Abilities, Weirdness & Mutations

You have razor-sharp teeth.
Your natural rate of healing is unusually fast.
When hurt, damage is shared between your health and your magic reserves.
Your bite disrupts and absorbs the magic of your enemies.
Potions cannot restore your health.
You are immune to rotting.


Message History

You open the door.
Found a scroll labeled NOIMANWISARPH and a scroll labeled YFEIQU OTTEDIS.
A centaur warrior comes into view.
A centaur warrior comes into view.
The centaur warrior moves out of view. x2
There is an open door here.
You enter the shallow water.
Moving in this stuff is going to be slow.
The centaur warrior shouts! x2
The centaur warrior wields a +0 longbow.
The centaur warrior shoots an arrow.
The arrow hits you!!
Ouch! That really hurt!
You hear a splash.
The centaur warrior wields a cursed -1 longbow.
The centaur warrior shoots an arrow.
The arrow hits you!
* * * LOW HITPOINT WARNING * * *
You hear a splash.
The centaur warrior shoots an arrow.
The arrow hits you!!
Ouch! That really hurt!
You die...

##############
.#.†'..#..'..#
.'..#.†'..#..+
.#####+#####'# ###
.#### #...#.####§§#
.#__####..##.#§≈@§c#
.#_____##'#_.§§§§§§+
⌠#_.∩..†'..._#§§§§c#
##_..__##_.#'##+####
#_____###'#.#
#########.####+###
.......'...'.....+
++++####...#######
###.###


You could see 2 centaur warriors.

Vanquished Creatures
  Sonja (D)
  A deep troll (D)
  Sigmund (D)
  A yak (D)
  An ogre (D)
  A jelly (D)
  Ijyb (D)
  A ballistomycete (D)
  A ballistomycete spore (D)
9 creatures vanquished.

Vanquished Creatures (others)
  A ballistomycete spore (D)
1 creature vanquished.

Grand Total: 10 creatures vanquished

Notes
Turn   | Place    | Note
-------+----------+-------------------------------------------
     0 | D        | Lukash93rus the Vine Stalker Assassin began the quest for
                  | the Orb.
     0 | D        | Reached XP level 1. HP: 11/11 MP: 2/2
     1 | D        | Noticed Ijyb
     6 | D        | Killed Ijyb
     6 | D        | Reached skill level 8 in Stealth
     6 | D        | Reached XP level 2. HP: 16/16 MP: 3/3
     6 | D        | Reached XP level 3. HP: 19/19 MP: 4/4
    10 | D        | Noticed an ogre
    13 | D        | Killed an ogre
    13 | D        | Reached skill level 1 in Dodging
    13 | D        | Reached skill level 11 in Stealth
    13 | D        | Gained mutation: Your natural rate of healing is unusually
                  | fast. [Vine Stalker growth]
    13 | D        | Reached XP level 4. HP: 23/23 MP: 5/5
    16 | D        | Noticed Sigmund
    19 | D        | Killed Sigmund
    19 | D        | Reached skill level 13 in Stealth
    19 | D        | Reached XP level 5. HP: 29/29 MP: 6/6
    19 | D        | Reached XP level 6. HP: 33/33 MP: 7/7
    32 | D        | Found a deep blue altar of Sif Muna.
    33 | D        | Found an ornate altar of the Wu Jian Council.
    34 | D        | Found a radiant altar of Vehumet.
    42 | D        | Reached skill level 14 in Stealth
    59 | D        | Found Kaop's Gadget Emporium.
    59 | D        | Found an ancient bone altar of Kikubaaqudgha.
    59 | D        | Found a hazy altar of Hepliaklqana.
    59 | D        | Found a hide-covered altar of Uskayaw.
    59 | D        | Found a basalt altar of Yredelemnul.
    59 | D        | Found an opulent altar of Gozag.
    59 | D        | Found a snail-covered altar of Cheibriados.
    59 | D        | Found a sacrificial altar of Ru.
    59 | D        | Found a shadowy altar of Dithmenos.
    59 | D        | Noticed a yak
    60 | D        | Found a stormy altar of Qazlal.
    60 | D        | Found a blossoming altar of Fedhas.
    60 | D        | Found a bloodstained altar of Trog.
    60 | D        | Found an iron altar of Okawaru.
    60 | D        | Found a glowing golden altar of the Shining One.
    60 | D        | Found a glowing silver altar of Zin.
    60 | D        | Found a white marble altar of Elyvilon.
    61 | D        | Killed a yak
    61 | D        | Reached skill level 15 in Stealth
    61 | D        | Reached XP level 7. HP: 37/37 MP: 8/8
    62 | D        | Found a sparkling altar of Nemelex Xobeh.
    97 | D        | Noticed Sonja
   102 | D        | Killed Sonja
   102 | D        | Reached skill level 5 in Fighting
   102 | D        | Reached skill level 5 in Short Blades
   102 | D        | Reached skill level 18 in Stealth
   102 | D        | Gained mutation: You have razor-sharp teeth. [Vine Stalker
                  | growth]
   102 | D        | Reached XP level 8. HP: 43/43 MP: 9/9
   215 | D        | Noticed a deep troll
   229 | D        | Killed a deep troll
   229 | D        | Reached skill level 19 in Stealth
   275 | D        | Noticed a centaur warrior
   275 | D        | Noticed a centaur warrior
   278 | D        | Shot with an arrow by a centaur warrior

Skill      XL: |  1  2  3  4  5  6  7  8 |
---------------+-------------------------+-----
Fighting       | 2 3 4 5 |  5.4
Short Blades   | 2 3 4 5 6 |  6.0
Throwing       | 2 3 4 |  4.4
Stealth        | 8 11 13 15 18 19 | 19.7
Dodging        | 1 |  1.5

Action                   |  1- 3 |  4- 6 |  7- 9 || total
-------------------------+-------+-------+-------++-------
Melee: Dagger            |     4 |     3 |    12 ||    19
       Bite              |     1 |       |     3 ||     4
  Use: Potion            |       |       |     1 ||     1
 Stab: Sleeping          |     2 |     3 |     3 ||     8
Armor: Robe              |     1 |       |       ||     1
